 Dungeon Crawl Stone Soup version 0.19-a0-1714-gcab94ab (webtiles) character file.

93 st0uf the Skirmisher (level 4, -7/44 HPs)
             Began as a Naga Monk on Sept 28, 2016.
             Mangled by an ogre
             ... wielding a cursed -1 giant club
              (25 damage)
             ... on level 4 of the Dungeon.
             The game lasted 00:07:24 (1051 turns).

st0uf the Skirmisher (Naga Monk)                    Turns: 1051, Time: 00:07:24

Health: -7/44      AC:  6    Str: 13    XL:     4   Next: 62%
Magic:  4/4        EV: 11    Int: 10    God:
Gold:   37         SH:  0    Dex: 15    Spells: 0 memorised, 3 levels left

rFire  . . .     SeeInvis +     k - +2 long sword (freeze)
rCold  . . .     Gourm    .     b - +0 robe
rNeg   . . .     Faith    .     (no shield)
rPois  +         Spirit   .     (no helmet)
rElec  .         Dismiss  .     j - +2 cloak
rCorr  .         Reflect  .     (no gloves)
MR     .....     Harm     .     (no barding)
Stlth  +++.......               (no amulet)
                                (no ring)
                                (no ring)

@: short of breath, very slow
A: see invisible, deformed body, poison resistance, slowness 2, slow metabolism
1, spit poison 1, AC +1
a: Spit Poison


You were on level 4 of the Dungeon.
You were not hungry.

You visited 1 branch of the dungeon, and saw 3 of its levels.

You collected 37 gold pieces.

Inventory:

Hand Weapons
 a - a +0 falchion
 k - a +2 long sword of freezing (weapon)
Armour
 b - a +0 robe (worn)
 j - a +2 cloak (worn)
Scrolls
 d - a scroll of identify {unknown}
 e - a scroll of enchant weapon {unknown}
 l - 3 scrolls of remove curse {unknown}
 n - a scroll of teleportation {unknown}
 o - a scroll of noise {unknown}
 p - a scroll of magic mapping {unknown}
 q - a scroll of fog {unknown}
Potions
 f - a potion of mutation {unknown}
 i - 2 potions of agility {unknown}
 m - 2 potions of haste {unknown}
Comestibles
 c - a bread ration
 g - 2 slices of pizza
 h - 2 beef jerkies


   Skills:
 * Level 3.9 Fighting
 * Level 3.8 Long Blades
 + Level 1.0 Armour
 + Level 2.8 Dodging
 - Level 3.1 Stealth


You had 3 spell levels left.
You didn't know any spells.

Dungeon Overview and Level Annotations

Branches:
Dungeon (4/15)
 Temple: D:4-7

Altars:
Fedhas
Ru
Zin

Shops:
D:4 (

Annotations:
D:4 exclusion: ogre


Innate Abilities, Weirdness & Mutations

You cannot wear boots.
Your serpentine skin is tough. (AC +1)
You have supernaturally acute eyesight. (SInv)
Armour fits poorly on your strangely shaped body.
Your system is resistant to poisons. (rPois)
You cover ground very slowly.
You have a slow metabolism.
You can spit poison.


Message History

The ogre is lightly wounded.
You feel slightly more hungry. The ogre barely misses you.
You barely miss the ogre.
The ogre is lightly wounded.
The ogre hits you with a giant club.
You completely miss the ogre.
The ogre is lightly wounded.
The ogre hits you with a giant club.
You slash the ogre! You freeze the ogre.
The ogre is heavily wounded.
You have got your breath back.
The ogre hits you with a giant club!!
Press: ? - help, Shift-Dir - straight line, f/p - ogre
Aim: an ogre, wielding a giant club (heavily wounded)
The splash of poison hits the ogre.
The ogre is poisoned.
The ogre is almost dead.
You feel slightly more hungry. The ogre hits you with a giant club!!
Ouch! That really hurt!
You die...

......## #. #..#
.###.#.####. #..#
....###...#. #..#
####.#.##.#.####..#
##.###.#.รท.....#
#.# #.######.## #.#
#.# #.# #.# #.# #O#
#####.# #.# #@#
......###.######.##
#####....)........#
#.#####.####..#
##.## #.# #..#
##...## #.# #.>#
##.#.#.###.# #..#
##.##.##.##.####..#
..................#


You could see an ogre.

Vanquished Creatures
  Terence (D:2)
  A worker ant (D:4)
  2 adders (D:4)
  An adder skeleton (D:4)
  A dart slug (D:2)
  3 giant cockroaches
  3 goblins
  3 jackals (D:4)
  2 kobolds
  A quokka (D:4)
  A bat (D:2)
  2 frilled lizards
  A leopard gecko skeleton (D:4)
  A quokka skeleton (D:4)
  2 rats
25 creatures vanquished.

Vanquished Creatures (others)
  5 toadstools (D:1)
5 creatures vanquished.

Grand Total: 30 creatures vanquished

Notes
Turn   | Place    | Note
-------+----------+-------------------------------------------
     0 | D:1      | st0uf the Naga Monk began the quest for the Orb.
     0 | D:1      | Reached XP level 1. HP: 21/21 MP: 1/1
   165 | D:1      | Reached XP level 2. HP: 22/28 MP: 2/2
   336 | D:2      | Noticed Terence
   353 | D:2      | Killed Terence
   353 | D:2      | Reached XP level 3. HP: 34/34 MP: 3/3
   409 | D:2      | You fall through a shaft for 2 floors!
   483 | D:4      | Noticed an ogre
   642 | D:4      | Found Plog's Antique Weapon Emporium.
   721 | D:4      | Reached XP level 4. HP: 38/44 MP: 4/4
   799 | D:4      | Found a blossoming altar of Fedhas.
   824 | D:4      | Found a glowing silver altar of Zin.
   833 | D:4      | Reached skill level 1 in Armour
   836 | D:4      | Found a sacrificial altar of Ru.
  1043 | D:4      | Noticed an ogre
  1051 | D:4      | Mangled by an ogre

Vault maps used:
D:1:      ldierk_walled_garden, grunt_decor_cap, glass_columns_b,
          roderic_serpentine_path, item_on_display_a
D:2:      nicolae_tso_swordbearing_angel, uniq_terence, uniq_sigmund
D:4:      lemuel_doored_altar, grunt_temple_overflow_open, serial_shops,
          nicolae_shop_statue_plus

Skill      XL: |  1  2  3  4 |
---------------+-------------+-----
Armour         | 1 |  1.0
Fighting       | |  3.9
Long Blades    | |  3.8
Dodging        | |  2.8
Stealth        | |  3.1

Action                   |  1- 3 |  4- 6 || total
-------------------------+-------+-------++-------
Melee: Falchion          |    14 |       ||    14
       Long sword        |    25 |    22 ||    47
 Abil: Spit Poison       |    12 |     7 ||    19
 Stab: Sleeping          |     3 |       ||     3
  Eat: Chunk             |       |     1 ||     1
Armor: Robe              |    12 |     1 ||    13
Dodge: Dodged            |    22 |    18 ||    40
